 Dungeon Crawl Stone Soup version 0.29.1 (webtiles) character file.

Game seed: 8211885222576600584

7070 greasedhog the Impaler (level 11, -1/80 HPs)
             Began as a Merfolk Gladiator on Sept 13, 2022.
             Was an Initiate of Yredelemnul.
             Slain by a wyvern (9 damage)
             ... on level 8 of the Dungeon.
             The game lasted 00:14:50 (9888 turns).

greasedhog the Impaler (Merfolk Gladiator)          Turns: 9888, Time: 00:14:50

Health: -1/80      AC: 10    Str: 20    XL:     11   Next: 9%
Magic:  11/11      EV: 15    Int:  7    God:    Yredelemnul [......]
Gold:   731        SH:  0    Dex: 21    Spells: 10/10 levels left

rFire   . . .      SeeInvis .   f - +3 halberd
rCold   . . .      Faith    .   (shield currently unavailable)
rNeg    . . .      Spirit   .   b - +2 leather armour {Will+}
rPois   +          Reflect  .   g - +1 hat of Wiucucs {Rampage *Corrode rPois}
rElec   .          Harm     .   r - +0 cloak
rCorr   .          Rampage  +   (no gloves)
Will    ++...                   k - +1 pair of boots
Stlth   +.........              (no amulet)
HPRegen 0.23/turn               B - +6 ring of dexterity
MPRegen 0.12/turn               (no ring)

@: confused, ambrosia-drunk, marked, invisible
A: (nimble swimmer 2), mertail, strong-willed 1
a: Renounce Religion, Recall Undead Harvest


You were on level 8 of the Dungeon.
You worshipped Yredelemnul.
Yredelemnul was noncommittal.
You visited 1 branch of the dungeon, and saw 8 of its levels.

You collected 947 gold pieces.
You spent 216 gold pieces at shops.

Inventory:

Hand Weapons
 f - a +3 halberd (weapon)
Missiles
 d - a throwing net (quivered)
 e - a javelin
Armour
 b - a +2 leather armour of willpower (worn)
 c - a +0 helmet
 g - the +1 hat of Wiucucs (worn) {Rampage *Corrode rPois}
   (You acquired it on level 8 of the Dungeon)

   rPois:     It protects you from poison.
   *Corrode:  It may corrode you when you take damage.
   Rampage:   It bestows one free step when moving towards enemies.
 k - a +1 pair of boots (worn)
 r - a +0 cloak (worn)
Jewellery
 B - a +6 ring of dexterity (left hand)
Wands
 o - a wand of quicksilver (18)
Scrolls
 h - a scroll of teleportation
 i - a scroll of enchant armour
 j - 3 scrolls of enchant weapon
 q - 2 scrolls of amnesia
 x - 3 scrolls of silence
 y - a scroll of torment
 z - a scroll of fog
 C - 2 scrolls of immolation
Potions
 a - 2 potions of lignification
 m - 3 potions of flight
 n - 2 potions of might
 p - a potion of mutation
 t - a potion of attraction {unknown}
 u - a potion of cancellation
 v - 4 potions of heal wounds {unknown}


   Skills:
 - Level 5.2 Fighting
 * Level 15.5 Polearms
 - Level 2.0 Throwing
 * Level 8.2 Armour
 - Level 5.2 Dodging


You had 10 spell levels left.
You didn't know any spells.
Your spell library contained the following spells:

 Spells                   Type           Power      Damage    Failure   Level
 Apportation              Tloc           0%         N/A       47%         1
 Portal Projectile        Hex/Tloc       0%         N/A       85%         3
 Tukima's Dance           Hex            0%         N/A       85%         3
 Airstrike                Air            0%         2d(0-16)  99%         4
 Summon Lightning Spire   Summ/Air       0%         N/A       99%         4
 Alistair's Intoxication  Tmut/Pois      0%         N/A       100%        5
 Blade Hands              Tmut           0%         N/A       100%        5
 Lightning Bolt           Conj/Air       0%         1d11      100%        5
 Storm Form               Tmut/Air       0%         N/A       100%        7
 Maxwell's Capacitive Co  Air            0%         ∞         100%        8


Dungeon Overview and Level Annotations

Branches:
Dungeon (8/15)             Temple (0/1) D:6            Lair (0/5) D:8

Altars:
Dithmenos
Elyvilon
Kikubaaqudgha
Makhleb
Qazlal
Uskayaw
Vehumet
Xom
Yredelemnul

Shops:
D:1 !   D:3 *   D:7 !


Innate Abilities, Weirdness & Mutations

((You are very nimble when in or above water. (Stealth+, EV+, Speed+++)))
Your lower body shifts to a powerful aquatic tail in water.
You are strong-willed. (Will+)


Message History

You slash the wyvern!
You kill the wyvern!
The dead are flying!
The centaur hits your wyvern zombie.
The centaur kicks your wyvern zombie but does no damage.
The wyvern bites your two-headed ogre zombie!!
Your two-headed ogre zombie hits the wyvern!
The wyvern dies!
The dead are flying!
The wyvern misses you.
You can now trade souls for undead servants.
You strike the helpless wyvern from behind!
You impale the wyvern!!
The wyvern is severely wounded.
The centaur barely misses your wyvern zombie.
The centaur kicks your wyvern zombie. The yak gores your wyvern zombie!
The yak gores your wyvern zombie. The yak gores your wyvern zombie!
Your wyvern zombie bites the yak!
The wyvern barely misses you.
You barely miss the wyvern.
The wyvern is severely wounded.
The centaur hits your wyvern zombie.
The centaur kicks your wyvern zombie but does no damage.
Your wyvern zombie bites the centaur!
The yak gores your wyvern zombie!
The yak gores your wyvern zombie but does no damage.
The yak gores your wyvern zombie. The wyvern bites you.
* * * LOW HITPOINT WARNING * * *
The centaur hits your wyvern zombie.
The centaur kicks your wyvern zombie but does no damage.
Your wyvern zombie closely misses the yak.
Your wyvern zombie bites the centaur.
Yredelemnul sends a servant to aid you.
Yredelemnul accepts your bounty of souls!
You can no longer trade souls for undead servants.
The wyvern bites you!
* * * LOW HITPOINT WARNING * * *
An orc warrior comes into view. It is wielding a +0 glaive.
Your wyvern zombie bites the yak.
The yak gores your wyvern zombie!
Your wyvern zombie is destroyed!
You are confused.
You feel invigorated. The wyvern bites you!
You die...
Your body rises from the dead as a mindless zombie.

.P..PP.♣.....#
#....###### ##
..lP..P......#
######.K #
>.lP.........# ##...
#
..PPP........####.o.#
#
..[PP...#....##....#
............##.~K.#
........[...#...≈#
.!...P......#~.z.#
.♣PP........#.~~@#
..........:.#..lY#
.........YY.#..SY#
.........#..#.Yc.#
.........#..)≈..9#
.........#..#...≈#
##########.)##.≈..#
#...##Yl..#
#....###..~# ##


You could see 4 yaks, a basilisk (unable to see you, fleeing), an orc warrior
(unable to see you), a water moccasin (unable to see you), a wyvern (unable to
see you, ally target), a gargoyle (unable to see you), a kobold brigand (unable
to see you), a centaur (unable to see you) and a friendly wight (summoned).

Vanquished Creatures
  A two-headed ogre (D:8)
  7 yaks (D:7)
  A wraith (D:8)
  3 wyverns
  A steam dragon (D:6)
  Menkaure (D:5)
  Duvessa (D:5)
  4 water moccasins
  3 ice beasts
  An orc warrior (D:7)
  2 black bears
  A sky beast (D:8)
  2 ogres
  2 centaurs
  3 phantoms
  2 kobold brigands
  4 bullfrogs
  2 gnoll sergeants
  4 scorpions
  3 necrophages
  10 wights
  Dowan (D:5)
  3 killer bees (D:8)
  A howler monkey (D:3)
  2 jellies (D:6)
  An orc priest (D:4)
  A gnoll bouda (D:6)
  2 hounds
  Terence (D:2)
  7 orc wizards
  4 iguanas
  6 gnolls
  11 adders
  A shadow imp (D:7)
  4 white imps
  2 worms
  4 dart slugs
  14 orcs
  4 ball pythons
  A bat zombie (D:5)
  6 endoplasms
  13 goblins
  8 hobgoblins
  3 quokkas
  3 bats
  2 frilled lizards
  8 kobolds
  7 rats
178 creatures vanquished.

Vanquished Creatures (collateral kills)
  A wyvern (D:8)
  An orc warrior (D:7)
  A bullfrog (D:7)
  3 wights (D:7)
  A howler monkey (D:6)
  An iguana (D:6)
  An orc wizard (D:7)
  Robin (D:3)
  3 orcs
  An endoplasm (D:1)
  A hobgoblin (D:1)
  3 goblins
  A kobold (D:7)
19 creatures vanquished.

Vanquished Creatures (others)
  A wyvern zombie (D:8)
  2 water moccasin zombies (D:8)
  3 yak zombies (D:7)
  2 bullfrog zombies
  A scorpion zombie (D:7)
  A killer bee zombie (D:8)
  A hound zombie (D:5)
  A gnoll (D:5)
  A steam dragon zombie (D:6)
  2 adder zombies (D:6)
  An elf zombie (D:5)
  An iguana zombie (D:6)
  A jelly zombie (D:6)
  A spectral shadow imp (D:7)
  2 bat zombies (D:1)
  A kobold (D:6)
  An endoplasm zombie (D:3)
  5 gnoll zombies
  3 goblin zombies
  A hobgoblin zombie (D:3)
  4 kobold zombies
  9 orc zombies
  5 plants (D:8)
50 creatures vanquished.

Grand Total: 247 creatures vanquished

Notes
Turn   | Place    | Note
-------+----------+-------------------------------------------
     0 | D:1      | greasedhog the Merfolk Gladiator began the quest for the
                  | Orb.
     0 | D:1      | Reached XP level 1. HP: 16/16 MP: 1/1
   295 | D:1      | Found Waakenor's Distillery.
   426 | D:1      | Reached XP level 2. HP: 22/23 MP: 2/2
   457 | D:1      | Found a faded altar of an unknown god.
   466 | D:1      | Prayed at the altar of an unknown god.
   466 | D:1      | Became a worshipper of Yredelemnul the Dark
   466 | D:1      | Reached * piety under Yredelemnul
  1007 | D:2      | Reached XP level 3. HP: 29/29 MP: 3/3
  1164 | D:2      | Reached skill level 5 in Polearms
  1210 | D:2      | Found a burning altar of Makhleb.
  1516 | D:2      | Noticed Terence
  1523 | D:2      | Killed Terence
  1524 | D:2      | Reached XP level 4. HP: 37/37 MP: 4/4
  2340 | D:3      | Reached XP level 5. HP: 35/42 MP: 5/5
  2396 | D:3      | Found a shimmering altar of Xom.
  2489 | D:3      | Found Xail's General Store.
  2607 | D:3      | Noticed Robin
  2618 | D:3      | Reached skill level 6 in Polearms
  2626 | D:3      | Killed Robin
  3178 | D:4      | Reached XP level 6. HP: 50/50 MP: 6/6
  3329 | D:4      | Reached skill level 5 in Fighting
  3640 | D:4      | Reached skill level 7 in Polearms
  4219 | D:5      | Entered Level 5 of the Dungeon
  4487 | D:5      | Reached skill level 5 in Dodging
  4487 | D:5      | Reached XP level 7. HP: 33/56 MP: 7/7
  4557 | D:5      | You fall into a shaft and drop 1 floor!
  4672 | D:6      | Reached skill level 8 in Polearms
  4672 | D:6      | Reached skill level 1 in Armour
  4980 | D:6      | Reached skill level 9 in Polearms
  4980 | D:6      | Reached XP level 8. HP: 62/62 MP: 8/8
  5237 | D:6      | Reached skill level 10 in Polearms
  5241 | D:6      | Reached ** piety under Yredelemnul
  5308 | D:6      | Reached *** piety under Yredelemnul
  5552 | D:6      | Found a white marble altar of Elyvilon.
  5566 | D:7      | Reached skill level 11 in Polearms
  5566 | D:7      | Reached XP level 9. HP: 61/68 MP: 7/9
  5829 | D:6      | Found a radiant altar of Vehumet.
  6058 | D:6      | Found a stormy altar of Qazlal.
  6096 | D:6      | Reached skill level 5 in Armour
  6292 | D:6      | Reached skill level 12 in Polearms
  6492 | D:6      | Found a staircase to the Ecumenical Temple.
  6748 | D:5      | Noticed Dowan
  6749 | D:5      | Noticed Duvessa
  6763 | D:5      | Gained mutation: You are strong-willed. (Will+) [potion of
                  | mutation]
  6766 | D:5      | Killed Dowan
  6776 | D:5      | Your ally Dowan died
  6780 | D:5      | HP: 3/68 [Duvessa/+0 short sword (15)]
  7104 | D:5      | Killed Duvessa
  7456 | D:5      | Noticed Menkaure
  7465 | D:5      | Killed Menkaure
  7620 | D:5      | Found an ancient bone altar of Kikubaaqudgha.
  7838 | D:7      | Reached skill level 13 in Polearms
  7854 | D:7      | Reached XP level 10. HP: 41/74 MP: 10/10
  8283 | D:7      | Found Quix's Distillery.
  8295 | D:7      | Bought a potion of ambrosia for 96 gold pieces
  8295 | D:7      | Bought a potion of might for 48 gold pieces
  8295 | D:7      | Bought a potion of flight for 36 gold pieces
  8295 | D:7      | Bought a potion of lignification for 36 gold pieces
  8340 | D:7      | Reached skill level 14 in Polearms
  8827 | D:7      | Found a hide-covered altar of Uskayaw.
  9045 | D:7      | Found a shadowy altar of Dithmenos.
  9475 | D:8      | Identified a scroll of acquirement
  9476 | D:8      | Acquired the +1 hat of Wiucucs {Rampage *Corrode rPois}
  9843 | D:8      | Noticed a two-headed ogre
  9845 | D:8      | Found a staircase to the Lair.
  9858 | D:8      | Reached skill level 15 in Polearms
  9875 | D:8      | Killed a two-headed ogre
  9876 | D:8      | Reached XP level 11. HP: 12/80 MP: 11/11
  9888 | D:8      | Slain by a wyvern

Illustrated notes

Levels and vault maps discovered:
D:1:      dpeg_cavernosity, layout_basic, serial_shops,
          nicolae_shop_hallway_stairs, hellmonk_ecumenical_altar_run_dry
D:2:      layout_loops_ring, basic_altar, uniq_terence
D:3:      layout_basic, lemuel_round_altar, serial_shops, shop,
          chequers_serial_rivers_micro_c, chequers_mini_garden, uniq_robin
D:4:      layout_basic, minmay_stone_trees_medium,
          hangedman_decor_diamond_cutter, nicolae_titane
D:5:      layout_rooms, lemuel_zombie_altar_kikubaaqudgha, uniq_duvessa,
          uniq_menkaure
D:6:      minmay_polygon_palace, layout_rooms,
          chequers_temple_overflow_statue_of_worship,
          minmay_temple_entry_mini_moons
D:7:      minmay_octagon_keep, layout_rooms, grunt_dithmenos_shadows,
          mainiacjoe_overflow_alcove_4, serial_shops, nicolae_shop_crystal
D:8:      layout_basic, nicolae_gozag_cash_rules_everything_around_me,
          minmay_lair_entry_grove, nzn_random_ring

Skill      XL: |  1  2  3  4  5  6  7  8  9 10 |
---------------+-------------------------------+-----
Fighting       | 3 4 5 |  5.2
Polearms       | 5 6 7 9 11 13 15 | 15.5
Dodging        | 5 |  5.2
Armour         | 2 4 6 8 |  8.2
Throwing       | |  2.0

Action                   |  1- 3 |  4- 6 |  7- 9 | 10-12 || total
-------------------------+-------+-------+-------+-------++-------
Melee: Trident           |    65 |   227 |    73 |       ||   365
       Punch             |       |     3 |       |       ||     3
       Halberd           |       |       |   194 |   172 ||   366
       Tailslap          |       |       |       |     2 ||     2
 Fire: Sling             |    23 |       |       |       ||    23
Throw: Throwing net      |       |       |     2 |       ||     2
Invok: Recall Undead Har |     1 |     2 |     1 |     1 ||     5
       Dark Bargain      |       |       |       |     1 ||     1
Evoke: Wand              |       |     2 |     3 |     4 ||     9
  Use: Scroll            |       |     5 |     6 |     6 ||    17
       Potion            |       |       |     6 |     4 ||    10
 Stab: Sleeping          |     4 |     1 |     1 |       ||     6
       Distracted        |       |       |     2 |     3 ||     5
       Held in net/web   |       |       |     1 |       ||     1
       Invisible         |       |       |       |     2 ||     2
       Fleeing           |       |       |       |     1 ||     1
Armor: Leather armour    |    12 |    39 |    78 |    38 ||   167
       Animal skin       |       |    19 |       |       ||    19
Dodge: Dodged            |    30 |    95 |   172 |   122 ||   419
